 Dungeon Crawl Stone Soup version 0.30-a0-578-gdee14c521f (webtiles) character file.

Game seed: 9666424389262403756

58197 Newt the Nimble (level 14, -8/101 (105) HPs)
             Began as a Demonspawn Gladiator on Dec 31, 2022.
             Was a High Priest of Qazlal.
             Mangled by a dire elephant simulacrum (19 damage)
             ... animated by a necromancer
             ... on level 5 of the Lair of Beasts.
             The game lasted 00:33:50 (19541 turns).

Newt the Nimble (Demonspawn Gladiator)             Turns: 19541, Time: 00:33:50

HP:   -8/101 (105)  AC: 14    Str: 26    XL:     14   Next: 48%
MP:   27/37         EV: 15    Int: 15    God:    Qazlal [*****.]
Gold: 1311          SH: 13    Dex: 14    Spells: 23/25 levels left

rFire   . . .      SeeInvis .    u - +5 spear (venom)
rCold   + . .      Faith    +    H - +0 buckler
rNeg    . . .      Spirit   .    Z - +1 robe "Tufis" {Str+8 Dex-2 Archmagi}
rPois   .          Reflect  .    b - +3 hat of Pondering {ponderous, Will+ MP+10 Int+5}
rElec   .          Harm     .    (cloak unavailable)
rCorr   .          Rampage  .    K - +1 pair of gloves
Will    +++..      Archmagi +    (no boots)
Stlth   +                        p
                                   - Hermit's Pendant {Faith Invo=14 Evo=0 MP+5}
HPRegen 0.36/turn                j - ring of protection from cold
MPRegen 0.25/turn                s - ring of willpower

@: protected from physical damage, constricted, lightly drained, repel missiles,
slow
A: slimy green scales 1, ignite blood 2, powered by pain 1, weakness stinger 3,
deterioration 1, low MP 1, wild magic 1
a: Renounce Religion, Upheaval, Elemental Force, Disaster Area


You were on level 5 of the Lair of Beasts.
You worshipped Qazlal.
Qazlal was extremely pleased with you.
You visited 2 branches of the dungeon, and saw 17 of its levels.
You also visited: Gauntlet.

You collected 1311 gold pieces.

Inventory:

Hand Weapons
 u - a +5 spear of venom (weapon)
 N - a +1 glaive of venom
Missiles
 d - 3 throwing nets (quivered)
 L - 53 poisoned darts
Armour
 b - the +3 hat of Pondering (worn) {ponderous, Will+ MP+10 Int+5}
   (You took it off Gastronok on level 11 of the Dungeon)

   Int:       It affects your intelligence (+5).
   MP:        It affects your magic capacity (+10).
   Will:      It increases your willpower.
 c - a +0 helmet
 w - +0 acid dragon scales
 C - a +2 cloak
 F - a +1 leather armour of willpower
 H - a +0 buckler (worn)
 K - a +1 pair of gloves (worn)
 Z - the +1 robe "Tufis" (worn) {Str+8 Dex-2 Archmagi}
   (You found it in a Gauntlet)

   Str:       It affects your strength (+8).
   Dex:       It affects your dexterity (-2).
   Archmagi:  It increases the power of your magical spells.
Jewellery
 i - the ring "Isibromn" {Fire rElec rN+}
   (You found it on level 2 of the Lair of Beasts)

   [ring of fire]

   It enhances your fire magic.
   rF:        It protects you from fire.
   rC:        It makes you vulnerable to cold.
   rElec:     It insulates you from electricity.
   rN:        It protects you from negative energy.
 j - a ring of protection from cold (left hand)
 l - an amulet of guardian spirit
 o - a ring of protection from fire
 p - the Hermit's Pendant (around neck) {Faith Invo=14 Evo=0 MP+5}
   (You found it on level 2 of the Dungeon)

   [amulet of faith]

   It sets your invocations skill to 14 and your evocations skill to 0.
   It allows you to gain divine favour quickly.
   MP:        It affects your magic capacity (+5).
 s - a ring of willpower (right hand)
 t - a ring of positive energy
 y - a ring of positive energy
 I - an amulet of regeneration
 P - a ring of flight
 U - a +6 ring of intelligence
 V - a ring of fire
Wands
 a - a wand of roots (14)
 r - a wand of flame (35)
 B - a wand of mindburst (14)
 M - a wand of polymorph (10)
 O - a wand of acid (11)
 W - a wand of paralysis (7)
 Y - a wand of digging (5)
Scrolls
 e - 2 scrolls of poison
 g - 4 scrolls of identify
 h - 4 scrolls of enchant weapon
 n - 2 scrolls of amnesia
 q - 7 scrolls of teleportation
 v - a scroll of magic mapping
 A - 5 scrolls of fear
 X - a scroll of silence
Potions
 f - a potion of magic
 k - 3 potions of invisibility
 m - 2 potions of berserk rage
 x - a potion of resistance
 z - 4 potions of brilliance
 D - 2 potions of might
 G - 2 potions of flight
 J - 5 potions of haste
 Q - a potion of heal wounds
 R - 6 potions of curing
 T - a potion of lignification
Miscellaneous
 E - a lightning rod (4/4)


   Skills:
 - Level 8.0 Fighting
 - Level 2.6 Short Blades
 - Level 10.0 Polearms
 - Level 1.7 Throwing
 - Level 10.0 Armour
 - Level 14.0 Dodging
 - Level 2.0 Stealth
 + Level 8.6 Shields
 - Level 6.0 Spellcasting
 - Level 5.0 Transmutations


You had 23 spell levels left.
You knew the following spells:

 Your Spells              Type           Power      Damage    Failure   Level
a - Wereblood             Tmut           38%        N/A       6%          2

Your spell library contained the following spells:

 Spells                   Type           Power      Damage    Failure   Level
 Sting                    Tmut/Pois      92%        1d7       10%         1
 Passwall                 Tmut/Erth      19%        N/A       14%         2
 Magic Dart               Conj           32%        1d4       26%         1
 Sandblast                Erth           16%        2d6       26%         1
 Poisonous Vapours        Pois/Air       16%        N/A       34%         2
 Searing Ray              Conj           16%        2d5       34%         2
 Sublimation of Blood     Necr           8%         N/A       34%         2
 Call Canine Familiar     Summ           8%         N/A       56%         3
 Portal Projectile        Hex/Tloc       16%        N/A       56%         3
 Stone Arrow              Conj/Erth      16%        3d8       56%         3
 Fulminant Prism          Conj/Hex       4%         3d5       91%         4
 Leda's Liquefaction      Hex/Erth       4%         N/A       91%         4
 Olgreb's Toxic Radiance  Pois           8%         N/A       91%         4
 Ozocubu's Refrigeration  Ice            4%         4d8       100%        7
 Summon Hydra             Summ           4%         N/A       100%        7
 Ignition                 Fire           4%         3d4       100%        8


Dungeon Overview and Level Annotations

Branches:
Dungeon (12/15)            Temple (0/1) D:5            Lair (5/5) D:10
  Swamp (0/4) Lair:3        Snake (0/4) Lair:3        Slime (0/5) Lair:5
    Orc (0/2) D:11        Gauntlet (visited)

Altars:
Cheibriados
Fedhas
Gozag
Hepliaklqana
Kikubaaqudgha
Qazlal
Ru
Uskayaw
Wu Jian

Shops:
D:5 *

Annotations:
Lair:5 exclusion: 2 oklob plants


Innate Abilities, Weirdness & Mutations

You are partially covered in slimy green scales. (AC +2)
Your demonic aura often causes spilled blood to erupt in flames.
You sometimes gain a little power by taking damage.
You have a sharp stinger which inflicts weakening toxins.
Your body sometimes deteriorates upon taking damage.
Your magical capacity is low. (-10% MP)
Your spells are a little harder to cast, but a little more powerful.


Message History

Your fire elemental disappears in a puff of smoke!
The spectral anaconda is engulfed in blazing flames.
You block the spectral anaconda's attack. x2
Unknown command.
You hit the dire elephant.
The dire elephant looks as sick as possible!
The dire elephant is moderately wounded.
The spectral anaconda is engulfed in blazing flames.
The spectral anaconda barely misses you.
The spectral anaconda misses you.
You block the dire elephant's attack. x2
Activating: Elemental Force (0% risk of failure)
Press: ? - help, Dir - look around, f - activate Clouds arounds you coalesce and take form!
The spectral anaconda is engulfed in blazing flames.
The spectral anaconda grabs you.
The spectral anaconda barely misses you.
The spectral anaconda constricts you.
The spectral anaconda is engulfed in blazing flames.
The spectral anaconda bites you!
* * * LOW HITPOINT WARNING * * *
You feel drained.
* * * LOW HITPOINT WARNING * * *
The spectral anaconda constricts you.
* * * LOW HITPOINT WARNING * * *
You block the dire elephant's attack. x2
The dire elephant simulacrum closely misses you.
The dire elephant simulacrum trunk-slaps you but does no damage.
The spectral anaconda's grasp on you weakens, but your attempt to escape fails.
The spectral anaconda is engulfed in blazing flames.
The spectral anaconda barely misses you.
The spectral anaconda constricts you. The dire elephant tramples you.
* * * LOW HITPOINT WARNING * * *
You are held in place!
The dire elephant closely misses you.
The spectral anaconda is engulfed in blazing flames.
The spectral anaconda bites you.
* * * LOW HITPOINT WARNING * * *
You feel drained. The spectral anaconda constricts you.
* * * LOW HITPOINT WARNING * * *
The dire elephant simulacrum tramples you!!
You die...

.8###. ###.#### #.....(#
#..... ####.~~
#....####.)...8####.....
pY8#≈≈≈≈
####....#'#########.....
.Y.'≈≈≈~.#8.####†#.#
##)###.##.
...'~≈~..'....P#...#
##'##### # ..
##~~Z##8....#..8# ♣♣.♣#
## ####''#'☼####♣♣..P#
#.Z#E.☼).#....##
##pY@E☼.....♣.#
##ZZE○....♣♣##
##....#.♣♣ ########


You could see a dire elephant (soul bound, extremely poisoned, ally target), a
spectral anaconda, a necromancer, 2 dire elephant simulacra, a friendly earth
elemental (summoned), a friendly water elemental (summoned) and a friendly fire
elemental (summoned).

Vanquished Creatures
  Gastronok (D:11)
  3 dire elephants (Lair:5)
  A minotaur (Gauntlet)
  2 boulder beetles
  A catoblepas (Lair:3)
  Erica (D:9)
  9 death yaks
  5 two-headed ogres
  Urug (D:11)
  Amaemon (Lair:3)
  A spectral death yak (Lair:5)
  A bog body (Lair:3)
  Pikel (D:6)
  An obsidian statue (Lair:5)
  2 necromancers
  22 elephants
  3 black mambas
  A dire elephant zombie (Lair:5)
  A gargoyle (D:10)
  A torpor snail (Lair:2)
  3 unseen horrors (D:10)
  An orange demon (Lair:3)
  10 cane toads
  A kobold demonologist (D:11)
  5 rime drakes
  3 komodo dragons
  Psyche (D:9)
  2 trolls (D:11)
  2 polar bears
  Prince Ribbit (D:9)
  8 blink frogs
  A hornet (D:7)
  A spectral elephant (Lair:5)
  4 wyverns
  39 yaks
  A wraith (D:11)
  7 basilisks
  A steam dragon (D:10)
  Grum (D:9)
  3 vampire mosquitoes (D:10)
  A spectral cane toad (Lair:5)
  4 wargs (D:6)
  4 nagas (Lair:3)
  An acid dragon (D:8)
  Duvessa (D:7)
  15 water moccasins
  7 orc warriors
  A sky beast (D:7)
  2 ice beasts
  An elephant zombie (Lair:5)
  8 ogres
  A black bear (D:7)
  4 wolves (D:9)
  2 phantoms
  9 kobold brigands
  12 bullfrogs
  2 necrophages
  4 gnoll sergeants
  3 cane toad simulacra (Lair:5)
  6 scorpions
  10 wights
  Dowan (D:7)
  A dream sheep simulacrum (Lair:2)
  A jelly (D:6)
  6 killer bees
  3 electric eels (Lair:1)
  5 howler monkeys (D:6)
  2 wyvern simulacra (Lair:2)
  11 hounds
  2 gnoll boudas (D:6)
  12 orc priests
  4 iguanas
  17 orc wizards
  3 polar bear simulacra
  5 yak simulacra (D:11)
  3 wolf simulacra
  A basilisk simulacrum (Lair:2)
  18 gnolls
  An adder (D:2)
  2 shadow imps (Gauntlet)
  3 white imps
  An ufetubus (D:6)
  3 worms
  5 dart slugs
  36 orcs
  4 endoplasms
  7 giant cockroaches
  4 goblins
  3 hobgoblins
  3 quokkas
  4 ball pythons
  A bat (D:2)
  5 frilled lizards
  21 kobolds
  5 rats
  2 river rat simulacra (D:11)
457 creatures vanquished.

Vanquished Creatures (collateral kills)
  The ghost of Puis the Skirmisher, a journeyman DgIE (Lair:2)
  A catoblepas (Lair:5)
  An elephant (Lair:5)
  A cane toad (Lair:2)
  A komodo dragon (Lair:2)
  7 yaks (Lair:5)
  A water moccasin (Lair:2)
13 creatures vanquished.

Vanquished Creatures (others)
  A wizard (Gauntlet)
  An orc wizard (D:5)
  5 fungi
  11 plants
  28 withered plants (Lair:5)
46 creatures vanquished.

Grand Total: 516 creatures vanquished

Notes
Turn   | Place    | Note
-------+----------+-------------------------------------------
     0 | D:1      | Newt the Demonspawn Gladiator began the quest for the Orb.
     0 | D:1      | Reached XP level 1. HP: 16/16 MP: 1/1
    70 | D:1      | Reached skill level 1 in Stealth
   266 | D:1      | Gained mutation: You are partially covered in slimy green
                  | scales. (AC +2) [demonic ancestry]
   266 | D:1      | Reached XP level 2. HP: 19/22 MP: 2/2
   981 | D:2      | Reached XP level 3. HP: 28/28 MP: 3/3
  1325 | D:2      | Found the Hermit's Pendant {Faith Invo=14 Evo=0 MP+5}
  1409 | D:2      | Found a stormy altar of Qazlal.
  1787 | D:3      | Found a hide-covered altar of Uskayaw.
  1934 | D:2      | Became a worshipper of Qazlal Stormbringer
  1957 | D:3      | Found a sacrificial altar of Ru.
  2787 | D:4      | Gained mutation: You have a small tail. [demonic ancestry]
  2787 | D:4      | Reached XP level 4. HP: 31/37 MP: 13/13
  2832 | D:4      | Reached skill level 1 in Armour
  2967 | D:4      | Reached XP level 5. HP: 13/42 MP: 14/14
  3240 | D:4      | Reached skill level 1 in Polearms
  3306 | D:4      | Gained mutation: Your demonic aura sometimes causes spilled
                  | blood to erupt in flames. [demonic ancestry]
  3306 | D:4      | Reached XP level 6. HP: 22/48 MP: 16/16
  3424 | D:4      | Found a stormy altar of Qazlal.
  3843 | D:5      | Entered Level 5 of the Dungeon
  3867 | D:5      | Gained mutation: You have hidden genetic defects. [potion
                  | of mutation]
  3867 | D:5      | Gained mutation: You are frail. (-10% HP) [potion of
                  | mutation]
  3867 | D:5      | Gained mutation: You have very sharp teeth. [potion of
                  | mutation]
  3867 | D:5      | HP: 1/43 [orc/+0 hand axe (2)]
  3877 | D:4      | Lost mutation: You are frail. (-10% HP) [potion of
                  | mutation]
  3877 | D:4      | Lost mutation: You have very sharp teeth. [potion of
                  | mutation]
  3877 | D:4      | Gained mutation: Your body sometimes deteriorates upon
                  | taking damage. [potion of mutation]
  3877 | D:4      | Gained mutation: Your spells are a little harder to cast,
                  | but a little more powerful. [potion of mutation]
  3877 | D:4      | Lost mutation: You have hidden genetic defects. [potion of
                  | mutation]
  4245 | D:5      | Reached * piety under Qazlal
  4365 | D:5      | Noticed an ice beast
  4376 | D:5      | Gained mutation: Your demonic aura often causes spilled
                  | blood to erupt in flames. [demonic ancestry]
  4376 | D:5      | Reached XP level 7. HP: 50/54 MP: 17/17
  4384 | D:5      | Reached skill level 5 in Polearms
  4413 | D:5      | Found a staircase to the Ecumenical Temple.
  4420 | D:5      | Found an opulent altar of Gozag.
  4425 | D:5      | Found Gozag's Platinum Reserve.
  4924 | D:6      | Noticed Pikel
  4939 | D:6      | Reached skill level 5 in Armour
  4939 | D:6      | Reached skill level 3 in Dodging
  4950 | D:6      | Killed Pikel
  4951 | D:6      | Reached skill level 4 in Dodging
  4951 | D:6      | Reached skill level 5 in Fighting
  4951 | D:6      | Reached XP level 8. HP: 39/64 MP: 18/18
  5200 | D:6      | Found a blossoming altar of Fedhas.
  5438 | D:6      | Reached XP level 9. HP: 54/69 MP: 19/19
  5482 | D:6      | Reached ** piety under Qazlal
  6026 | D:6      | Noticed a two-headed ogre
  6035 | D:6      | Killed a two-headed ogre
  6309 | D:6      | Gained mutation: You have a tail ending in a sharp stinger.
                  | [demonic ancestry]
  6309 | D:6      | Reached XP level 10. HP: 76/76 MP: 20/20
  6378 | D:6      | Reached *** piety under Qazlal
  6379 | D:6      | Reached skill level 10 in Polearms
  6930 | D:7      | Found an ornate altar of the Wu Jian Council.
  6940 | D:7      | Noticed Dowan
  6942 | D:7      | Noticed Duvessa
  6957 | D:7      | Killed Duvessa
  7094 | D:7      | Killed Dowan
  7143 | D:7      | Reached **** piety under Qazlal
  7320 | D:6      | Reached skill level 5 in Dodging
  8151 | D:8      | Reached skill level 6 in Dodging
  8879 | D:8      | Reached skill level 7 in Dodging
  8990 | D:9      | Noticed a two-headed ogre
  8990 | D:9      | Noticed a two-headed ogre
  9005 | D:8      | Killed a two-headed ogre
  9007 | D:8      | Killed a two-headed ogre
  9008 | D:8      | Reached skill level 8 in Dodging
  9008 | D:8      | Reached XP level 11. HP: 58/86 MP: 21/21
  9140 | D:9      | Reached skill level 1 in Shields
  9266 | D:9      | Noticed Grum
  9275 | D:9      | Reached ***** piety under Qazlal
  9277 | D:9      | Killed Grum
  9307 | D:9      | Noticed a two-headed ogre
  9325 | D:9      | Killed a two-headed ogre
  9357 | D:9      | Noticed Psyche
  9357 | D:9      | Noticed Prince Ribbit
  9363 | D:9      | Killed Prince Ribbit
  9369 | D:9      | Killed Psyche
  9395 | D:9      | Noticed Erica
  9415 | D:9      | Reached skill level 5 in Shields
  9422 | D:9      | Killed Erica
  9584 | D:9      | Found a hazy altar of Hepliaklqana.
 10002 | D:10     | Entered Level 10 of the Dungeon
 10194 | D:10     | Found an ancient bone altar of Kikubaaqudgha.
 10355 | D:10     | Found a snail-covered altar of Cheibriados.
 10416 | D:10     | Found a staircase to the Lair.
 10915 | D:11     | Found a staircase to the Orcish Mines.
 10946 | D:11     | Reached XP level 12. HP: 92/92 MP: 22/22
 10956 | D:11     | Noticed Gastronok
 11001 | D:11     | Found a gate leading to a gauntlet.
 11013 | Gauntlet | Entered a Gauntlet
 11013 | Gauntlet | Found a transporter.
 11099 | Gauntlet | Found a transporter.
 11102 | Gauntlet | Found a transporter.
 11103 | Gauntlet | Found a transporter.
 11109 | Gauntlet | Found a runed translucent gate.
 11109 | Gauntlet | Found a runed translucent gate.
 11109 | Gauntlet | Found a runed translucent gate.
 11111 | Gauntlet | Found a transporter.
 11114 | Gauntlet | Found a transporter.
 11115 | Gauntlet | Found a transporter.
 11123 | Gauntlet | Noticed a death scarab
 11124 | Gauntlet | Found a transporter.
 11127 | Gauntlet | Found a transporter.
 11128 | Gauntlet | Found a transporter.
 11136 | Gauntlet | Found a transporter.
 11139 | Gauntlet | Found a transporter.
 11140 | Gauntlet | Found a transporter.
 11148 | Gauntlet | Found a transporter.
 11245 | Gauntlet | Reached ****** piety under Qazlal
 11265 | Gauntlet | Learned a level 2 spell: Wereblood
 11323 | Gauntlet | Noticed a minotaur
 11347 | Gauntlet | Killed a minotaur
 11355 | Gauntlet | Identified the +1 robe "Tufis" {Str+8 Dex-2 Archmagi}
 11623 | D:11     | Noticed a two-headed ogre
 11629 | D:11     | Killed a two-headed ogre
 11637 | D:11     | Noticed Urug
 11654 | D:11     | Killed Urug
 12243 | D:11     | Killed Gastronok
 12418 | D:11     | Noticed a boulder beetle
 12440 | D:11     | Killed a boulder beetle
 12441 | D:11     | Reached skill level 10 in Armour
 12441 | D:11     | Reached skill level 1 in Spellcasting
 12587 | Lair:1   | Entered Level 1 of the Lair of Beasts
 12609 | Lair:1   | You fall into a shaft and drop 1 floor!
 12696 | Lair:1   | Reached skill level 5 in Spellcasting
 13373 | Lair:1   | Noticed a death yak
 13374 | Lair:1   | Noticed a death yak
 13374 | Lair:1   | Noticed a death yak
 13389 | Lair:1   | Killed a death yak
 13390 | Lair:1   | Reached skill level 1 in Transmutations
 13394 | Lair:1   | Killed a death yak
 13398 | Lair:1   | Killed a death yak
 14198 | D:12     | Noticed a boulder beetle
 14289 | Lair:2   | Gained mutation: You sometimes gain a little power by
                  | taking damage. [demonic ancestry]
 14289 | Lair:2   | Reached XP level 13. HP: 55/98 MP: 23/23
 14413 | Lair:2   | Noticed Puis's ghost (journeyman DgIE)
 14486 | Lair:2   | Found a runed translucent gate.
 14486 | Lair:2   | Found a runed translucent gate.
 14531 | Lair:2   | Found a runed translucent gate.
 14643 | Lair:2   | Reached skill level 5 in Transmutations
 15380 | Lair:2   | Killed Puis's ghost
 15548 | Lair:2   | Got the ring "Isibromn" {Fire rElec rN+}
 15613 | Lair:2   | Reached skill level 9 in Dodging
 16469 | Lair:3   | Reached skill level 10 in Dodging
 16592 | Lair:3   | Found a staircase to the Swamp.
 16651 | Lair:3   | Noticed Amaemon
 16662 | Lair:3   | Killed Amaemon
 16772 | Lair:3   | Found a staircase to the Snake Pit.
 16820 | Lair:3   | Reached skill level 11 in Dodging
 17882 | Lair:4   | Reached skill level 12 in Dodging
 18576 | Lair:5   | Entered Level 5 of the Lair of Beasts
 18602 | Lair:5   | Gained mutation: You have a sharp stinger which inflicts
                  | weakening toxins. [demonic ancestry]
 18602 | Lair:5   | Reached XP level 14. HP: 94/105 MP: 24/24
 18715 | Lair:5   | Reached skill level 13 in Dodging
 18744 | Lair:5   | Found a staircase to the Slime Pits.
 19352 | Lair:5   | Reached skill level 14 in Dodging
 19436 | Lair:5   | Gained mutation: Your magical capacity is low. (-10% MP) [a
                  | neqoxec]
 19541 | Lair:5   | Mangled by a dire elephant simulacrum

Illustrated notes

Levels and vault maps discovered:
D:1:      mrwooster_arrival_statue_2, layout_basic
D:2:      layout_loops_ring, basic_altar, dreamdust_princess_corridor
D:3:      layout_basic, nicolae_uskayaw_suspiria, amcnicky_altar_gilded,
          minmay_misc_feat_five, minmay_misc_feat_x
D:4:      layout_basic, overflow_temple_1_default
D:5:      layout_rooms, nicolae_gozag_zags_fifth_avenue, temple_fountains
D:6:      lemuel_castle_with_subvaults [lemuel_castle_interior_carwin_2],
          layout_rooms, mainiacjoe_overflow_small_starburst, uniq_pikel
D:7:      layout_cave_pools, overflow_temple_1_default,
          kennysheep_generic_room_4, uniq_duvessa
D:8:      layout_basic, kennysheep_flooded_box
D:9:      layout_gridville, worldfamousw_hep_ancestral_shrine,
          uniq_prince_ribbit1, uniq_grum, uniq_erica, uniq_psyche
D:10:     layout_cave_pools, cheibrodos_worm_habitat,
          mainiacjoe_overflow_six_doors_small, lair_entry_dummy, minmay_orc_keep
D:11:     layout_roguey, kennysheep_orc_monster_closet_entryway,
          gauntlet_entry_generic, eino_house_with_fridge, uniq_urug,
          uniq_gastronok
D:12:     layout_loops_corners, serial_shops, nicolae_stop_n_shop_1
Lair:1:   layout_cave_pods, serial_bayou_shore_a, lemuel_fruit_fields
Lair:2:   layout_cave_pods, gammafunk_ghost_icy, grunt_megastairs_1
Lair:3:   layout_regular_city, skrybe_swamp_entry_bodies,
          minmay_snake_entry_guardpost_medium, uniq_amaemon
Lair:4:   layout_regular_city
Lair:5:   due_jungle_book, layout_big_grid, minmay_slime_entry_oklob_open,
          grunt_megastairs_2, infiniplex_staircase_pool_2

Skill      XL: |  1  2  3  4  5  6  7  8  9 10 11 12 13 14 |
---------------+-------------------------------------------+-----
Stealth        | 1 2 |  2.0
Fighting       | 4 5 6 8 |  8.0
Armour         | 2 3 5 6 7 10 | 10.0
Polearms       | 2 4 5 6 9 10 | 10.0
Dodging        | 4 8 12 14 | 14.0
Shields        | 8 |  8.6
Spellcasting   | 6 |  6.0
Transmutations | 3 5 |  5.0
Short Blades   | |  2.6
Throwing       | |  1.7

Action                   |  1- 3 |  4- 6 |  7- 9 | 10-12 | 13-15 || total
-------------------------+-------+-------+-------+-------+-------++-------
Melee: Rapier            |   149 |     9 |       |       |       ||   158
       Punch             |     2 |     1 |     4 |     3 |       ||    10
       Spear             |       |   117 |   339 |   802 |   627 ||  1885
       Tailslap          |       |    16 |    34 |   134 |   132 ||   316
Throw: Javelin           |       |     3 |       |       |       ||     3
       Throwing net      |       |     1 |       |       |       ||     1
       Dart              |       |       |     3 |       |       ||     3
 Cast: Wereblood         |       |       |       |       |     9 ||     9
Invok: Upheaval          |       |       |       |     1 |     3 ||     4
       Elemental Force   |       |       |       |       |     7 ||     7
Evoke: Wand              |       |     7 |     2 |       |       ||     9
  Use: Scroll            |     3 |     3 |       |    11 |     1 ||    18
       Potion            |       |     5 |     1 |     3 |     1 ||    10
 Stab: Sleeping          |     8 |     1 |       |       |       ||     9
       Distracted        |     1 |       |       |       |       ||     1
       Paralysed         |       |       |       |       |     8 ||     8
Armor: Leather armour    |    42 |    45 |    86 |    72 |       ||   245
       Acid dragon scale |       |       |       |    66 |       ||    66
       Robe              |       |       |       |    37 |    94 ||   131
Dodge: Dodged            |    70 |    47 |   119 |   248 |   192 ||   676
       Repelled          |       |       |       |     3 |     3 ||     6
Block: Other             |       |       |    11 |    37 |       ||    48
       Buckler           |       |       |       |   133 |   255 ||   388

Table legend: (Time is in decaauts)
 A = Elapsed time spent in this place.
 B = Non-inter-level travel time spent in this place.
 C = Inter-level travel time spent in this place.
 D = Time resting spent in this place.
 E = Time spent auto-exploring this place.
 F = Levels seen in this place.
 G = Mean time per level.
                   A        B        C        D        E       F      G
               +--------+--------+--------+--------+--------+-----+--------+
         Total |  19347 |  18613 |    734 |   3836 |  11708 |  18 | 1074.8 |
       Dungeon |  11978 |  11450 |    528 |   2143 |   7298 |  12 |  998.2 |
          Lair |   6996 |   6790 |    206 |   1622 |   4216 |   5 | 1399.2 |
      Gauntlet |    373 |    373 |      0 |     71 |    194 |   1 |  373.0 |
               +--------+--------+--------+--------+--------+-----+--------+

Top non-repeatable levels by time:
     D:6: 2361 daAuts
  Lair:2: 2066 daAuts
  Lair:1: 1644 daAuts
     D:4: 1520 daAuts
  Lair:3: 1516 daAuts
    D:11: 1311 daAuts
     D:9: 956 daAuts
     D:8: 923 daAuts
     D:1: 916 daAuts
  Lair:5: 911 daAuts
     D:3: 884 daAuts
    D:10: 881 daAuts
     D:2: 877 daAuts
  Lair:4: 857 daAuts
     D:7: 697 daAuts
